Map: [ESL] Waterfall

Players

Bunny - Winner!

  • Race: Terran Terran
  • League: Silver
  • Spawn Location: 1:00

GuMiho

  • Race: Terran Terran
  • League: Master
  • Spawn Location: 7:00

VOD

Have the link to the VOD?

Description

Time

  • Played on: Nov. 3, 2022, 9:45 a.m.
  • Length: 12:34
Show
View Real Time Build Order
Export as new Build Order

Bunny Terran - Winner!

Build Orders:  

Get SALT Encoding   

  12  0:00  SCV  
  13  0:12  SCV  
  14  0:17  Supply Depot  
  14  0:24  SCV  
  15  0:38  SCV  
  15  0:40  Barracks  
  16  0:42  Refinery  
  16  0:51  SCV  
  16  0:52  Refinery  
  17  1:03  SCV  
  18  1:15  SCV  
  19  1:27  Reaper, Orbital Command  
  19  1:31  Supply Depot  
  20  1:42  Factory  
  20  1:53  SCV  
  21  1:59  Reaper  
  22  2:05  SCV  
  23  2:17  SCV  
  23  2:22  Command Center  
  24  2:27  Hellion  
  26  2:32  Reaper, SCV  
  28  2:38  Supply Depot  
  28  2:45  SCV  
  28  2:49  Hellion  
  31  2:56  Starport  
  31  3:00  SCV  
  32  3:12  Barracks Reactor, Factory Tech Lab  
  30  3:13  SCV  
  31  3:25  SCV  
  32  3:30  Refinery  
  32  3:34  Orbital Command  
  32  3:36  Factory Tech Lab  
  32  3:37  SCV  
  32  3:40  Banshee  
  36  3:48  Marine x2  
  37  3:49  SCV  
  37  3:55  Cyclone  
  42  3:59  SCV  
  42  4:01  SCV  
  44  4:06  Supply Depot, Marine x2  
  46  4:11  SCV  
  46  4:14  SCV  
  48  4:23  Raven, Marine  
  48  4:24  Supply Depot, SCV, Marine  
  52  4:26  SCV  
  52  4:28  Siege Tank  
  57  4:36  SCV  
  57  4:38  SCV  
  59  4:45  Marine x2  
  59  4:50  Supply Depot x2  
  59  4:51  SCV  
  59  4:52  SCV  
  60  4:58  Starport  
  60  5:06  Supply Depot, Refinery  
  60  5:10  SCV x2  
  60  5:11  Siege Tank  
  65  5:18  Viking x2  
  65  5:20  Marine  
  70  5:28  Supply Depot  
  65  5:43  Viking, Siege Tank  
  65  5:48  Viking  
  65  5:49  Viking  
  73  5:59  SCV, Marine  
  73  6:00  SCV  
  73  6:01  Supply Depot  
  73  6:02  Stimpack  
  76  6:12  Viking  
  78  6:18  Marine  
  78  6:22  Viking x2  
  83  6:29  SCV x2  
  85  6:34  Supply Depot  
  85  6:36  Marine  
  86  6:42  Liberator  
  74  6:56  Siege Tank  
  68  7:03  Viking x2  
  68  7:07  Marine  
  73  7:13  Command Center  
  74  7:15  SCV x2  
  74  7:20  Supply Depot  
  75  7:25  Viking  
  75  7:28  Marine  
  78  7:31  Siege Tank  
  78  7:33  Viking  
  83  7:41  Viking  
  85  7:50  Marine  
  86  7:53  Supply Depot  
  86  7:54  Supply Depot  
  86  7:55  Viking  
  88  8:05  Siege Tank  
  88  8:08  Marine  
  88  8:11  Viking  
  94  8:19  Viking  
  96  8:25  Viking  
  96  8:26  Marine  
  99  8:38  Siege Tank  
  90  8:41  Viking  
  90  8:44  Marine  
  84  8:49  Viking  
  84  8:55  Viking  
  86  8:56  SCV x2  
  86  8:57  Orbital Command  
  86  8:59  Barracks  
  86  9:02  Barracks x2  
  88  9:07  Marine  
  80  9:18  Liberator, Siege Tank  
  80  9:24  Viking  
  88  9:25  Marine  
  89  9:36  Engineering Bay  
  89  9:37  Engineering Bay, Barracks  
  89  9:40  Liberator  
  92  9:51  Siege Tank  
  93  9:54  Viking  
  93  9:57  Orbital Command  
  94  10:00  Barracks Reactor  
  94  10:03  Barracks Reactor  
  94  10:06  Marine  
  90  10:16  Marine  
  90  10:19  SCV  
  90  10:20  SCV  
  85  10:24  Marine  
  85  10:28  Viking x2  
  89  10:34  Marine  
  90  10:39  Viking  
  81  10:52  Marine x6  
  81  10:53  Marine  
  77  10:58  Viking  
  78  11:10  Marine x2  
  81  11:12  Viking  
  80  11:24  Marine x4  
  80  11:26  Marine  
  80  11:27  Marine  
  81  11:39  Viking  
  77  11:50  Viking  
  67  12:05  Marine  
  67  12:06  Marine x2  
Show
View Real Time Build Order
Export as new Build Order

GuMiho Terran 

Build Orders:  

Get SALT Encoding   

  12  0:00  SCV  
  13  0:12  SCV  
  14  0:17  Supply Depot  
  14  0:24  SCV  
  15  0:29  Refinery  
  15  0:38  SCV  
  16  0:44  Barracks  
  16  0:50  SCV  
  17  1:01  Refinery  
  17  1:02  SCV  
  18  1:14  SCV  
  19  1:27  SCV  
  19  1:31  Reaper  
  21  1:37  Factory  
  21  1:39  Orbital Command  
  21  1:48  Supply Depot  
  21  2:03  Reaper  
  21  2:05  SCV  
  23  2:17  SCV  
  23  2:20  Hellion  
  26  2:26  Command Center  
  26  2:29  SCV  
  27  2:36  Barracks Reactor  
  27  2:39  Supply Depot  
  27  2:41  SCV  
  27  2:42  Factory Tech Lab  
  28  2:54  SCV  
  28  2:56  Starport  
  29  3:01  Cyclone  
  32  3:12  SCV  
  30  3:13  Marine x2  
  31  3:24  SCV  
  32  3:30  Refinery  
  32  3:32  Marine x2  
  32  3:33  Siege Tank  
  37  3:38  Medivac  
  37  3:40  SCV  
  40  3:46  Orbital Command  
  40  3:52  SCV, Marine x2  
  43  3:57  Supply Depot  
  43  4:04  SCV  
  43  4:08  Siege Tank  
  47  4:10  Starport Tech Lab  
  47  4:12  SCV  
  47  4:14  Marine  
  47  4:16  Marine  
  50  4:21  SCV  
  50  4:23  Supply Depot  
  51  4:24  SCV  
  51  4:28  Raven  
  54  4:37  Marine x2  
  58  4:38  SCV x2  
  58  4:45  Siege Tank  
  58  4:50  SCV x2  
  58  4:52  Supply Depot  
  63  4:55  Marine x2  
  63  4:56  Refinery  
  65  5:02  SCV x2  
  67  5:16  SCV x2  
  67  5:20  Supply Depot  
  69  5:23  Viking x2  
  71  5:31  SCV  
  68  5:35  SCV  
  68  5:39  Siege Tank  
  71  5:43  SCV  
  71  5:45  Supply Depot  
  71  5:48  SCV  
  71  5:49  Marine  
  74  5:53  Viking x2  
  74  5:56  SCV  
  79  6:00  SCV  
  80  6:08  SCV  
  81  6:12  SCV  
  82  6:19  Supply Depot  
  82  6:20  SCV, Siege Tank  
  82  6:23  Viking x2  
  82  6:24  SCV  
  91  6:32  SCV  
  92  6:36  SCV  
  78  6:59  Viking x2  
  76  7:01  SCV x2  
  76  7:02  Siege Tank  
  76  7:05  Command Center  
  78  7:09  Starport x2  
  78  7:13  SCV x2  
  79  7:25  SCV  
  79  7:26  SCV  
  79  7:29  Viking x2  
  85  7:38  SCV x2  
  86  7:48  Viking  
  86  7:49  Viking  
  86  7:50  SCV x2  
  92  7:59  Viking x2  
  92  8:02  SCV x2  
  98  8:18  Viking  
  98  8:19  Viking  
  101  8:27  SCV x2  
  91  8:51  Liberator x4  
  91  8:52  Marine  
  91  8:54  Siege Tank  
  101  8:58  SCV x2  
  103  9:10  Marine  
  94  9:29  SCV  
  94  9:30  Orbital Command  
  95  9:33  Siege Tank  
  95  9:34  Viking x3  
  104  9:43  Viking  
  100  10:04  Viking x3  
  106  10:10  Marine  
  106  10:13  Viking  
  106  10:28  Marine  
  104  10:31  Siege Tank  
  104  10:34  Viking x3  
  95  10:45  Marine  
  84  11:03  Siege Tank  
  84  11:04  Viking  
  89  11:11  Viking, Orbital Command  
  93  11:17  Viking  
  95  11:29  Liberator  
  84  11:47  Viking  
Tags
 
Add a new tag
Caveats
  • Supply blocks, unpowered buildings, or Contaminate may cause inaccurate times.
  • Supply counts are checked every 10 seconds.